 Dungeon Crawl Stone Soup version 0.29.0-11-gd7f09526c8 (webtiles) character file.

Game seed: 12744098592134763029

159 pacmanke6689 the Covered (level 5, 0/40 (41) HPs)
             Began as a Demonspawn Fighter on Sept 3, 2022.
             Was an Initiate of Okawaru.
             Slain by a wight
             ... wielding a +0 scimitar
              (8 damage)
             ... on level 4 of the Dungeon.
             The game lasted 00:08:10 (3110 turns).

pacmanke6689 the Covered (Demonspawn Fighter)       Turns: 3110, Time: 00:08:10

HP:   0/40 (41)     AC:  7    Str: 18    XL:     5   Next: 17%
MP:   0/5           EV:  9    Int:  9    God:    Okawaru [......]
Gold: 108           SH:  4    Dex: 13    Spells: 4/4 levels left

rFire   . . .      SeeInvis .   a - +0 flail
rCold   . . .      Faith    .   c - +0 buckler
rNeg    . . .      Spirit   +   b - +0 scale mail
rPois   .          Reflect  .   (no helmet)
rElec   .          Harm     .   (no cloak)
rCorr   .          Rampage  .   (no gloves)
Will    .....                   (no boots)
Stlth   ..........              (no amulet)
HPRegen 0.13/turn               (no ring)
MPRegen 0.18/turn               (no ring)

@: mighty, lightly drained
A: ignite blood 1, magic shield, magic regeneration
a: Renounce Religion


You were on level 4 of the Dungeon.
You worshipped Okawaru.
Okawaru was noncommittal.
You visited 1 branch of the dungeon, and saw 4 of its levels.

You collected 108 gold pieces.

Inventory:

Hand Weapons
 a - a +0 flail (weapon)
 g - the +1 long sword of Aqaxupp {freeze, rPois rCorr Int+3}
   (You found it on level 4 of the Dungeon)

   It freezes those it strikes, dealing additional cold damage.
   It can also slow down cold-blooded creatures.
   Int:       It affects your intelligence (+3).
   rPois:     It protects you from poison.
   rCorr:     It protects you from acid and corrosion.
Armour
 b - a +0 scale mail (worn)
 c - a +0 buckler (worn)
Jewellery
 j - an amulet of faith
Scrolls
 f - a scroll of noise
 l - 2 scrolls of identify
Potions
 e - 2 potions of curing {unknown}
 i - 2 potions of lignification {unknown}
 k - a potion of mutation {unknown}


   Skills:
 + Level 3.5 Fighting
 + Level 3.2 Maces & Flails
 + Level 3.7 Armour
 - Level 0.1 Dodging
 - Level 0.4 Stealth
 + Level 3.2 Shields


You had 4 spell levels left.
You didn't know any spells.
Your spell library contained the following spells:

 Spells                   Type           Power      Damage    Failure   Level
 Slow                     Hex            0%         N/A       86%         1
 Confusing Touch          Hex            0%         N/A       99%         3
 Vampiric Draining        Necr           0%         2d6       99%         3
 Eringya's Noxious Bog    Tmut/Pois      0%         N/A       100%        6
 Summon Forest            Summ/Tloc      Unusable   N/A       N/A         5
 Summon Hydra             Summ           Unusable   N/A       N/A         7

Dungeon Overview and Level Annotations

Branches:
Dungeon (4/15)
 Temple: D:4-7

Altars:
Fedhas
Gozag
Okawaru
Sif Muna
Uskayaw
Xom

Shops:
D:2 (   D:4 *


Innate Abilities, Weirdness & Mutations

Your demonic aura sometimes causes spilled blood to erupt in flames.
When hurt, damage is shared between your health and your magic reserves.
You regenerate magic rapidly.


Message History

You kill the endoplasm!
Okawaru accepts your kill.
A giant cockroach comes into view.
The ball python closely misses you. The ball python barely misses you.
You hit the ball python.
You kill the ball python!
Okawaru accepts your kill.
You sock the giant cockroach!
You kill the giant cockroach!
Okawaru accepts your kill.
You see here a ball python corpse.
A wight comes into view. It is wielding a +0 scimitar.
A wight is nearby!
A wight comes into view.
It is wielding a +0 morningstar of protection.
A wight comes into view. It is wielding a +0 short sword.
The wight barely misses you.
You hit the wight.
The wight is moderately damaged.
You block the wight's attack.
A wight comes into view. It is wielding a +5 short sword.
The wight misses you.
You barely miss the wight.
The wight is moderately damaged.
The wight hits you with a +0 scimitar! The wight attacks as you move away!
The wight hits you with a +0 scimitar!
* * * LOW HITPOINT WARNING * * *
You feel drained.
* * * LOW HITPOINT WARNING * * *
The wight attacks as you move away! You block the wight's attack.
The wight attacks as you move away! The wight misses you.
A hound comes into view.
The hound barks!
The hound moves out of view.
You feel very mighty all of a sudden. You block the wight's attack.
A wight comes into view. It is wielding a +0 halberd.
You closely miss the wight.
The wight is lightly damaged.
The hound barely misses you. The wight hits you with a +0 scimitar!
You die...

##....†.######
#....z...†...#########
.......#...[#####.##.......
.≈...§.#........#.)........
.......#..z####..###.......
...∩...#...# ##.. #.......
.......#.zz# ## #.......
.≈...#.#.#z# #....[..
.......!.#@# ........
.....#h# ..###.## .####.#.#
#.# .# ... ... ..... .....
.......


You could see a hound and 5 wights.

Vanquished Creatures
  A scorpion (D:4)
  4 adders
  A worm (D:3)
  A dart slug (D:2)
  2 ball pythons
  4 endoplasms
  3 giant cockroaches
  9 goblins
  4 hobgoblins
  4 jackals (D:1)
  4 quokkas
  4 bats
  4 frilled lizards
  7 kobolds
  7 rats
59 creatures vanquished.

Notes
Turn   | Place    | Note
-------+----------+-------------------------------------------
     0 | D:1      | pacmanke6689 the Demonspawn Fighter began the quest for the
                  | Orb.
     0 | D:1      | Reached XP level 1. HP: 18/18 MP: 1/1
   246 | D:1      | Gained mutation: You regenerate magic rapidly. [demonic
                  | ancestry]
   246 | D:1      | Reached XP level 2. HP: 19/24 MP: 2/2
   349 | D:1      | Found a faded altar of an unknown god.
   912 | D:2      | Found Omijim's Antique Weapon Emporium.
  1065 | D:2      | Reached XP level 3. HP: 28/29 MP: 3/3
  1169 | D:2      | Found a shimmering altar of Xom.
  2083 | D:3      | Gained mutation: When hurt, damage is shared between your
                  | health and your magic reserves. [demonic ancestry]
  2083 | D:3      | Reached XP level 4. HP: 25/35 MP: 4/4
  2717 | D:3      | Found a blossoming altar of Fedhas.
  2719 | D:3      | Found a hide-covered altar of Uskayaw.
  2720 | D:3      | Found an opulent altar of Gozag.
  2723 | D:3      | Found an iron altar of Okawaru.
  2724 | D:3      | Found a shimmering blue altar of Sif Muna.
  2772 | D:3      | Became a worshipper of Warmaster Okawaru
  2841 | D:4      | Noticed a scorpion
  2847 | D:4      | Noticed a necrophage
  2857 | D:4      | Identified the +1 long sword of Aqaxupp {freeze, rPois
                  | rCorr Int+3}
  2890 | D:4      | Killed a scorpion
  3030 | D:4      | Gained mutation: Your demonic aura sometimes causes spilled
                  | blood to erupt in flames. [demonic ancestry]
  3030 | D:4      | Reached XP level 5. HP: 35/41 MP: 2/5
  3071 | D:4      | Found Qael Ryd's Elemental Accessories.
  3110 | D:4      | Slain by a wight

Illustrated notes

Levels and vault maps discovered:
D:1:      dpeg_arrival_arbitrary_c, layout_rooms, basic_ecumenical_altar
D:2:      layout_loops_cross, basic_altar, serial_shops,
          nicolae_shop_hallway_stairs
D:3:      wander_river, layout_loops_ring, grunt_temple_overflow_open,
          minivault_4, nrook_campfire
D:4:      layout_rooms, nicolae_elemental_shop

Skill      XL: |  1  2  3  4 |
---------------+-------------+-----
Armour         | 3 |  3.7
Shields        | 3 |  3.2
Maces & Flails | 2 3 |  3.2
Fighting       | |  3.5
Dodging        | |  0.1
Stealth        | |  0.4

Action                   |  1- 3 |  4- 6 || total
-------------------------+-------+-------++-------
Melee: Flail             |   161 |    68 ||   229
       Long sword        |       |     7 ||     7
  Use: Scroll            |       |     3 ||     3
       Potion            |       |     1 ||     1
Armor: Scale mail        |    90 |    36 ||   126
Dodge: Dodged            |    71 |    33 ||   104
Block: Buckler           |    40 |    26 ||    66
